 Dungeon Crawl Stone Soup version 0.20-a0-261-gcb1eca7 (webtiles) character file.

4550 Goblin1989 the Basher (level 10, -5/55 HPs)
             Began as a Demonspawn Artificer on Dec 4, 2016.
             Was a Believer of Hepliaklqana.
             Slain by an orc warrior
             ... wielding a +0 glaive
              (13 damage)
             ... on level 9 of the Dungeon.
             The game lasted 00:30:03 (7464 turns).

Goblin1989 the Basher (Demonspawn Artificer)        Turns: 7464, Time: 00:30:03

Health: -5/55      AC: 13    Str: 15    XL:     10   Next: 17%
Magic:  12/12      EV:  9    Int: 13    God:    Hepliaklqana [**....]
Gold:   355        SH: 15    Dex: 18    Spells: 5/9 levels left

rFire  . . .     SeeInvis .     D - +5 mace (protect)
rCold  . . .     Gourm    .     k - +0 troll leather armour {Purgy}
rNeg   + . .     Faith    .     F - +2 large shield
rPois  +         Spirit   .     (helmet restricted)
rElec  .         Reflect  .     K - +0 cloak
rCorr  .         Harm     +     p - +0 pair of gloves
MR     .....                    (no boots)
Stlth  +++.......               u - amulet of harm
                                (no ring)
                                a - ring of positive energy

@: protection aura
A: reduced essence, antennae 1, thin skeletal structure 2, frail 2, poison
resistance, powered by death 2, spiny 1
a: Recall Ancestor, Ancestor Identity, Renounce Religion


You were on level 9 of the Dungeon.
You worshipped Hepliaklqana.
Hepliaklqana was pleased with you.
You were not hungry.

You visited 2 branches of the dungeon, and saw 10 of its levels.
You also visited: Sewer.

You collected 459 gold pieces.
You spent 104 gold pieces at shops.

Inventory:

Hand Weapons
 D - a +5 mace of protection (weapon)
Armour
 k - a +0 troll leather armour (worn) {Purgy}
 p - a +0 pair of gloves (worn)
 r - a +1 ring mail of cold resistance
 F - a +2 large shield (worn)
 K - a +0 cloak (worn)
Jewellery
 a - a ring of positive energy (left hand)
 u - an amulet of harm (around neck)
Wands
 c - a wand of flame (6/48)
 e - a wand of random effects (15/48)
 y - a wand of polymorph (12/24)
 A - a wand of acid (1/15)
 C - a wand of confusion (41/48)
 E - a wand of enslavement (15/24)
Scrolls
 d - 2 scrolls of remove curse {@r2}
 g - a scroll of recharging
 h - a scroll of immolation {!r}
 m - a scroll of fog
 q - a scroll of blinking {unknown}
 H - 2 scrolls of enchant armour
 M - 2 scrolls of magic mapping
 T - 3 scrolls of teleportation {!r, @r4}
Potions
 b - a potion of invisibility
 i - 2 potions of brilliance {unknown}
 j - 2 potions of berserk rage {!q}
 l - 8 potions of flight {unknown}
 o - a potion of resistance
 s - a potion of cancellation {unknown}
 v - 3 potions of lignification {!q}
 x - 6 potions of curing {@q1}
 z - a potion of cure mutation {!q}
 B - 3 potions of heal wounds {!q, @q2}
Books
 G - a book of Party Tricks

   Spells                             Type                      Level
   a - Summon Butterflies             Summoning                    1
   b - Apportation                    Translocation                1
   c - Lesser Beckoning               Translocation                3
   d - Tukima's Dance                 Hexes                        3
   e - Alistair's Intoxication        Transmutation/Poison         5
   f - Invisibility                   Hexes                        6
Miscellaneous
 w - a fan of gales
Comestibles
 f - 10 bread rations {@e1}
 n - a slice of pizza
 t - 3 meat rations {@e2}
 I - 3 chunks of flesh {@w0}
 J - a beef jerky


   Skills:
 + Level 7.3 Fighting
   Level 0.8 Short Blades
 * Level 10.9 Maces & Flails
 - Level 0.5 Armour
 + Level 3.4 Dodging
 - Level 0.8 Stealth
 + Level 2.5 Shields
 - Level 3.0 Evocations


You had 5 spell levels left.
You knew the following spells:

 Your Spells              Type           Power        Failure   Level  Hunger
a - Lesser Beckoning      Tloc           #.........   100%        3    ####...
o - Apportation           Tloc           #.........   100%        1    ##.....


Dungeon Overview and Level Annotations

Branches:
Dungeon (9/15)             Temple (1/1) D:6
   Lair: D:8-11         Orc: D:9-12

Altars:
Ashenzari
Cheibriados
Dithmenos
Elyvilon
Fedhas
Gozag
Hepliaklqana
Kikubaaqudgha
Makhleb
Nemelex Xobeh
Okawaru
Qazlal
Ru
Sif Muna
Trog
Uskayaw
Vehumet
Xom
Yredelemnul
Zin
The Shining One

Shops:
D:4 *

Annotations:
D:2 1 runed door
D:3 Grinder


Innate Abilities, Weirdness & Mutations

You have a pair of small antennae on your head.
You have a moderately thin skeletal structure. (Dex +4, Stealth+)
You regenerate health from kills.
You are partially covered in sharp spines.
Your life essence is reduced. (-10% HP)
You are very frail. (-20% HP)
Your system is resistant to poisons. (rPois)


Message History

The troll is heavily wounded.
The centaur unwields an uncursed shortbow.
The centaur hits Eideard.
The troll is struck by your spines. The troll bites you!
* * * LOW HITPOINT WARNING * * *
The troll claws you.
* * * LOW HITPOINT WARNING * * *
The troll closely misses you. You block the orc warrior's attack.
The orc hits you but does no damage.
Eideard hits the troll with a quarterstaff!
You take 26 damage, and have 16/55 hp.
MASSIVE DAMAGE!!
You closely miss the troll.
The troll is severely wounded.
The centaur wields an uncursed shortbow.
The centaur shoots an arrow.
The arrow barely misses Eideard.
You block the arrow. You block the troll's attack. The troll claws you!
* * * LOW HITPOINT WARNING * * *
The troll claws you but does no damage. The orc hits you but does no damage.
The orc warrior hits you from afar with a glaive!
You die... ███████████████████████

█......................
█.................██...
█......██.........██...
█......██......>..██...
█......██.........██...
█......................
█.███..................
█....R@...........⌂....
█...cT█████████......██
█...oo █....... █....o
█...... █..... ......
█..... ... █.....
█.....


You could see the friendly Eideard the battlemage, a troll, an orc warrior, a
centaur and 2 orcs.

Vanquished Creatures
  The ghost of Roxy the Slasher, a novice FoFi (D:5)
  A spriggan (D:7)
  2 hungry ghosts
  Grum (D:8)
  Purgy (Sewer)
  A phantom (D:8)
  2 wolves (D:8)
  The ghost of murphy the Chopper, an amateur MiBe of Trog (D:3)
  An ice beast (D:5)
  2 sky beasts
  2 ogres
  2 centaurs
  A bullfrog (D:9)
  A scorpion (D:7)
  5 killer bees
  A bullfrog zombie (D:6)
  3 howler monkeys (D:7)
  A quasit (D:8)
  2 orc priests
  A centaur skeleton (D:8)
  3 hounds
  Ijyb (D:2)
  3 iguanas
  Natasha (thrice) (D:2)
  2 worker ants
  A killer bee zombie (D:7)
  2 hound skeletons (D:5)
  A worker ant zombie (D:7)
  Robin (D:2)
  9 adders
  An adder skeleton (D:4)
  8 worms
  3 dart slugs (D:1)
  6 leopard geckos
  8 orcs
  5 bats
  6 giant cockroaches
  14 goblins
  4 hobgoblins
  11 jackals
  6 kobolds
  6 quokkas
  2 ball pythons
  10 frilled lizards
  3 rats
151 creatures vanquished.

Vanquished Creatures (collateral kills)
  Psyche (D:9)
  An efreet (D:9)
  2 orc warriors
  A black bear (D:7)
  An ogre (D:6)
  2 wolves (D:8)
  A crocodile (D:8)
  2 killer bees (D:9)
  A bullfrog zombie (D:8)
  4 orc priests
  2 orc wizards
  A worker ant (D:8)
  4 orcs
  A jackal (D:9)
24 creatures vanquished.

Vanquished Creatures (others)
  A battlemage (D:9)
  2 ancestors
3 creatures vanquished.

Grand Total: 178 creatures vanquished

Notes
Turn   | Place    | Note
-------+----------+-------------------------------------------
     0 | D:1      | Goblin1989 the Demonspawn Artificer began the quest for the Orb.
     0 | D:1      | Reached XP level 1. HP: 15/15 MP: 3/3
   275 | D:1      | Gained mutation: You have a somewhat thin skeletal structure. (Dex +2, Stealth) [demonic ancestry]
   275 | D:1      | Reached XP level 2. HP: 19/22 MP: 4/4
   611 | D:2      | Gained mutation: You are partially covered in sharp spines. [demonic ancestry]
   611 | D:2      | Reached XP level 3. HP: 28/29 MP: 5/5
   661 | D:2      | Noticed Robin
   692 | D:2      | Killed Robin
   697 | D:2      | Reached XP level 4. HP: 17/37 MP: 6/6
  1106 | D:2      | Noticed Natasha
  1119 | D:2      | Killed Natasha
  1137 | D:2      | Noticed Ijyb
  1157 | D:2      | Killed Ijyb
  1157 | D:2      | Reached XP level 5. HP: 26/43 MP: 7/7
  1357 | D:2      | Noticed Natasha
  1365 | D:2      | Killed Natasha
  1365 | D:2      | Reached skill level 5 in Fighting
  1506 | D:2      | Noticed Natasha
  1513 | D:2      | Killed Natasha
  1562 | D:2      | Found a runed door.
  1663 | D:3      | Noticed murphy's ghost (amateur MiBe)
  1705 | D:3      | Killed murphy's ghost
  1705 | D:3      | Gained mutation: You have a pair of small antennae on your head. [demonic ancestry]
  1705 | D:3      | Reached XP level 6. HP: 23/52 MP: 8/8
  1945 | D:3      | Noticed a hungry ghost
  1959 | D:3      | Killed a hungry ghost
  1959 | D:3      | Reached skill level 2 in Maces & Flails
  2235 | D:3      | Noticed Grinder
  2265 | D:3      | Found a white marble altar of Elyvilon.
  2383 | D:3      | Gained mutation: You are frail. (-10% HP) [mutagenic glow]
  2425 | D:3      | Gained mutation: Your system is resistant to poisons. (rPois) [mutagenic glow]
  2462 | D:3      | Gained mutation: You are very frail. (-20% HP) [mutagenic glow]
  2548 | D:4      | Found Miczyboe's General Store.
  2564 | D:4      | Reached skill level 3 in Maces & Flails
  2571 | D:4      | Bought a scroll of identify for 26 gold pieces
  2571 | D:4      | Bought a potion of curing for 39 gold pieces
  2571 | D:4      | Bought a potion of lignification for 39 gold pieces
  2659 | D:4      | Reached XP level 7. HP: 45/46 MP: 9/9
  2983 | D:4      | Found a radiant altar of Vehumet.
  3076 | D:5      | Entered Level 5 of the Dungeon
  3086 | D:5      | Noticed Roxy's ghost (novice FoFi)
  3114 | D:5      | Killed Roxy's ghost
  3114 | D:5      | Reached skill level 5 in Maces & Flails
  3145 | D:5      | Got a smoking ring mail
  3150 | D:5      | Found a blossoming altar of Fedhas.
  3152 | D:5      | Found a hazy altar of Hepliaklqana.
  3154 | D:5      | Found a deep blue altar of Sif Muna.
  3158 | D:5      | Found a shadowy altar of Dithmenos.
  3163 | D:5      | Found a burning altar of Makhleb.
  3165 | D:5      | Found a hide-covered altar of Uskayaw.
  3166 | D:5      | Found a shattered altar of Ashenzari.
  3167 | D:5      | Found an opulent altar of Gozag.
  3255 | D:5      | Found a glowing drain.
  3259 | Sewer    | Entered a sewer
  3272 | Sewer    | Reached skill level 6 in Maces & Flails
  3321 | Sewer    | Noticed Purgy
  3328 | Sewer    | Killed Purgy
  3328 | Sewer    | Gained mutation: You regenerate a little health from kills. [demonic ancestry]
  3328 | Sewer    | Reached XP level 8. HP: 40/51 MP: 10/10
  3340 | Sewer    | Identified the +4 ring mail of Precision Catastrophes {+Inv} (You found it on level 5 of the Dungeon)
  3544 | D:5      | Became a worshipper of Hepliaklqana the Forgotten
  4114 | D:6      | Reached skill level 7 in Maces & Flails
  4636 | D:6      | Reached * piety under Hepliaklqana
  4699 | D:6      | Reached skill level 8 in Maces & Flails
  4779 | D:6      | Found a staircase to the Ecumenical Temple.
  4790 | Temple   | Entered the Ecumenical Temple
  5125 | D:6      | Found a burning altar of Makhleb.
  5209 | D:6      | Found a sacrificial altar of Ru.
  5529 | D:7      | Reached skill level 9 in Maces & Flails
  5559 | D:7      | Found a sparkling altar of Nemelex Xobeh.
  5601 | D:7      | Got a twisted leather armour
  5612 | D:7      | Identified the cursed +0 leather armour "Tacyilol" {*Slow rC+++ Str-4 Stlth+} (You found it on level 7 of the Dungeon)
  5707 | D:7      | Gained mutation: You regenerate health from kills. [demonic ancestry]
  5707 | D:7      | Reached XP level 9. HP: 45/48 MP: 11/11
  5958 | D:7      | Reached ** piety under Hepliaklqana
  5959 | D:7      | Remembered your ancestor Eideard as a battlemage
  5974 | D:7      | Reached skill level 10 in Maces & Flails
  6281 | D:8      | Reached skill level 1 in Shields
  6286 | D:8      | Noticed Grum
  6299 | D:8      | Killed Grum
  6452 | D:8      | Learned a level 1 spell: Apportation
  6456 | D:8      | Learned a level 3 spell: Lesser Beckoning
  7273 | D:9      | Gained mutation: You have a moderately thin skeletal structure. (Dex +4, Stealth+) [demonic ancestry]
  7273 | D:9      | Reached XP level 10. HP: 50/55 MP: 12/12
  7412 | D:9      | Noticed Psyche
  7418 | D:9      | Killed Psyche
  7428 | D:9      | Found a shimmering altar of Xom.
  7464 | D:9      | Slain by an orc warrior

Vault maps used:
D:1:      co_arrival_random_square_maze
D:2:      first_bread, uniq_crazy_yiuf_cottage, uniq_iyjb, uniq_natasha,
          uniq_robin
D:3:      lemuel_coloured_pillars_altar, uniq_grinder
D:4:      kennysheep_little_box, serial_shops, shop
D:5:      minitemple, gup_sewer_entry_spiral
D:6:      hangedman_ru_absence, minmay_misc_feat_columns,
          makhleb_heckhound_becter
D:7:      nemelex_xobeh_ov_fountains_minmay, the_bakery, bh_walls_and_bars
D:8:      minmay_statues_item, uniq_grum
D:9:      basic_altar, uniq_psyche
Temple:   jpeg_temple_island
Sewer:    sewer_co_purgy_island

Skill      XL: |  1  2  3  4  5  6  7  8  9 |
---------------+----------------------------+-----
Fighting       | 2 3 4 6 7 |  7.3
Maces & Flails | 3 6 9 10 | 10.9
Dodging        | 3 |  3.4
Shields        | 2 |  2.5
Short Blades   | |  0.8
Armour         | |  0.5
Stealth        | |  0.8
Evocations     | |  3.0

Action                   |  1- 3 |  4- 6 |  7- 9 | 10-12 || total
-------------------------+-------+-------+-------+-------++-------
Melee: Short sword       |    38 |       |       |       ||    38
       Hand axe          |    75 |    55 |       |       ||   130
       Flail             |       |    45 |       |       ||    45
       Mace              |       |    17 |   239 |    19 ||   275
Invok: Ancestor Identity |       |       |     1 |       ||     1
       Ancestor Life: Ba |       |       |     1 |       ||     1
Evoke: Wand              |       |       |    23 |       ||    23
  Use: Scroll            |       |       |    15 |       ||    15
       Potion            |       |       |     4 |       ||     4
 Stab: Sleeping          |     3 |     4 |     2 |       ||     9
       Distracted        |       |       |     2 |       ||     2
  Eat: Chunk             |       |     9 |    16 |       ||    25
Armor: Leather armour    |    52 |       |       |       ||    52
       Ring mail         |       |    44 |    48 |       ||    92
       Skin              |       |       |    41 |       ||    41
       Troll leather arm |       |       |    30 |    10 ||    40
Dodge: Dodged            |    87 |    67 |    86 |    10 ||   250
Block: Large shield      |       |       |    58 |    16 ||    74

Vault maps used:
D:1:      co_arrival_random_square_maze
D:2:      first_bread, uniq_crazy_yiuf_cottage, uniq_iyjb, uniq_natasha,
          uniq_robin
D:3:      lemuel_coloured_pillars_altar, uniq_grinder
D:4:      kennysheep_little_box, serial_shops, shop
D:5:      minitemple, gup_sewer_entry_spiral
D:6:      hangedman_ru_absence, minmay_misc_feat_columns,
          makhleb_heckhound_becter
D:7:      nemelex_xobeh_ov_fountains_minmay, the_bakery, bh_walls_and_bars
D:8:      minmay_statues_item, uniq_grum
D:9:      basic_altar, uniq_psyche
Temple:   jpeg_temple_island
Sewer:    sewer_co_purgy_island
